 Dungeon Crawl Stone Soup version 0.16.1-11-g651b585 (webtiles) character file.

9438 Magnus the Markself (level 11, -1/66 HPs)
             Began as a High Elf Hunter on Apr 3, 2015.
             Was an Elder of Okawaru.
             Slain by a killer bee (2 damage)
             ... on level 2 of the Lair of Beasts.
             The game lasted 01:53:09 (16493 turns).

Magnus the Markself (High Elf Hunter)              Turns: 16493, Time: 01:53:09

Health: -1/66      AC:  8    Str: 13    XL:     11   Next: 23%
Magic:  15/18      EV: 25    Int: 14    God:    Okawaru [****..]
Gold:   445        SH:  0    Dex: 21    Spells: 0 memorised, 10 levels left

rFire  + . .     SeeInvis .     a - +0 short sword
rCold  + . .     Clarity  +     J - +1 leather armour {rN+}
rNeg   + . .     SustAb   .     (no shield)
rPois  +         Gourm    .     n - +1 helmet
rElec  +         Spirit   .     (no cloak)
rCorr  +         Warding  .     w - +0 pair of gloves
rMut   .         Stasis   .     (no boots)
MR     +....                    t - amulet of clarity
Stlth  ++++++....               (no ring)
                                (no ring)

@: resistant, heroism, finesse, somewhat resistant to hostile enchantments, very
stealthy
A: strong 1
a: Heroism, Renounce Religion


You were on level 2 of the Lair of Beasts.
You worshipped Okawaru.
Okawaru was greatly pleased with you.
You were hungry.

You visited 3 branches of the dungeon, and saw 11 of its levels.

You collected 445 gold pieces.

Inventory:

Hand weapons
 a - a +0 short sword (weapon)
 b - a +2 shortbow
Armour
 d - a +0 leather armour
 n - a +1 helmet (worn)
 w - a +0 pair of gloves (worn)
 z - a +0 robe of positive energy
 D - a +1 robe of magic resistance
 J - a +1 leather armour of positive energy (worn)
Jewellery
 p - an uncursed ring of protection from cold {unknown}
 t - an amulet of clarity (around neck)
 y - an uncursed ring of flight
Magical devices
 f - a wand of polymorph (3)
 g - a wand of paralysis (0)
 r - a wand of cold (5)
 u - a wand of disintegration (15)
 B - a wand of enslavement (7)
 C - a wand of magic darts (22)
 I - a wand of frost (32)
 L - a wand of slowing (17)
Scrolls
 e - 4 scrolls of recharging
 j - 2 scrolls of enchant weapon
 k - 8 scrolls of remove curse
 m - 4 scrolls of enchant armour
 F - 2 scrolls of identify
 M - a scroll of amnesia
Potions
 i - 2 potions of flight
 s - a potion of curing
 x - a potion of magic
 G - a potion of agility {unknown}
 K - 2 potions of ambrosia {unknown}
 N - a potion of cure mutation {unknown}
 P - a potion of restore abilities {unknown}
Comestibles
 l - a beef jerky
 q - 17 fruits
 v - a meat ration
 A - 2 royal jellies
 H - a bread ration
 O - 3 chunks of flesh


   Skills:
 - Level 2.6(7.6) Fighting
 - Level 6.8(11.8) Short Blades
 * Level 15.7(20.7) Bows
 - Level 9.0(14.0) Dodging
 - Level 9.5(14.5) Stealth


You had 10 spell levels left.
You didn't know any spells.

Dungeon Overview and Level Annotations

Branches:
Dungeon (8/15)             Temple (1/1) D:5            Lair (2/8) D:8

Altars:
Cheibriados
Dithmenos
Elyvilon
Gozag
Kikubaaqudgha
Makhleb
Nemelex Xobeh
Okawaru
Qazlal
Ru
Trog
Xom

Shops:
D:6 :   D:7 :[=   D:8 (


Innate Abilities, Weirdness & Mutations

Your muscles are strong. (Str +2)


Message History

Okay, then.
The killer bee completely misses you.
The killer bee stings you but does no damage.
The queen bee calls on the killer bee to defend it!
The killer bee goes berserk!
The killer bee buzzes angrily.
The killer bee is no longer berserk.
You hear an angry buzzing noise. x3
The killer bee misses you. x2
The killer bee stings you.
* * * LOW HITPOINT WARNING * * *
The killer bee misses you. The killer bee stings you.
* * * LOW HITPOINT WARNING * * *
The killer bee stings you.
* * * LOW HITPOINT WARNING * * *
The killer bee completely misses you. x3
You hear an angry buzzing noise.
The killer bee stings you.
You die...

################ #...#.#P..P##..#
# ######## ###............#
.##.#.##.#######...........##
#...........#.##............#
#......(.....#.#............#
#..>...........P†...........####
#..........................'...##
...............#@..........##....
#............#.yyy.........##.###
#...#####.#.#.##y..........#### #
##### #..#####.y.........# ..##
##P(+###.#### ## ###.## ###yy####
##.###..+.# #y+# #.........#


.yy # ..........# #.yly # You could see 9 killer bees.

Vanquished Creatures
  A hydra (Lair:1)
  Pikel (D:5)
  The ghost of Kiel97 the Cleaver, an experienced MiBe of Trog (D:6)
  A black mamba (Lair:1)
  3 spiny frogs
  A komodo dragon (Lair:1)
  A fire drake (Lair:2)
  A basilisk (Lair:1)
  7 yaks
  A hippogriff (Lair:1)
  3 water moccasins
  A porcupine (Lair:2)
  3 black bears
  An orc warrior (D:8)
  A necrophage (D:7)
  An ice beast (D:6)
  A phantom (D:7)
  3 centaurs
  5 sky beasts
  2 slaves
  5 crocodiles
  2 ogres
  6 giant frogs
  4 scorpions
  An electric eel (D:7)
  4 killer bees (Lair:2)
  5 wights (D:6)
  A giant frog zombie (D:6)
  8 hounds
  4 crimson imps
  4 orc wizards
  3 iguanas
  5 goliath beetles
  An orc priest (D:6)
  5 worker ants
  A sheep (D:8)
  Ijyb (D:2)
  Jessica (D:2)
  A hound zombie (D:7)
  2 gnolls (D:8)
  8 adders
  3 shadow imps
  20 river rats
  3 white imps (Lair:2)
  A worm (D:3)
  A giant mite (D:4)
  An adder skeleton (D:6)
  An adder zombie (D:6)
  4 giant geckos
  14 orcs
  27 bats
  2 bat skeletons
  14 goblins
  22 hobgoblins
  10 jackals
  A ball python (D:2)
  9 giant cockroaches
  A giant gecko skeleton (D:7)
  5 giant newts
  12 kobolds
  4 quokkas
  2 quokka skeletons
  A quokka zombie (D:5)
  16 rats
  A butterfly (D:5)
  A plant (Lair:1)
287 creatures vanquished.

Vanquished Creatures (others)
  2 slaves (D:6)
  A fungus (Lair:1)
  A plant (Lair:1)
4 creatures vanquished.

Grand Total: 291 creatures vanquished

Notes
Turn   | Place    | Note
--------------------------------------------------------------
     0 | D:1      | Magnus, the High Elf Hunter, began the quest for the Orb.
     0 | D:1      | Reached XP level 1. HP: 14/14 MP: 2/2
   322 | D:1      | Reached XP level 2. HP: 20/20 MP: 3/3
  1105 | D:2      | Reached XP level 3. HP: 23/25 MP: 5/5
  1160 | D:2      | Reached skill level 1 in Short Blades
  1571 | D:2      | Noticed Ijyb
  1589 | D:2      | Killed Ijyb
  1844 | D:2      | Noticed Jessica
  1847 | D:2      | Found an ancient bone altar of Kikubaaqudgha.
  1952 | D:2      | Reached XP level 4. HP: 30/30 MP: 7/7
  2120 | D:3      | Found a burning altar of Makhleb.
  2159 | D:3      | Reached skill level 6 in Bows
  2728 | D:3      | Reached XP level 5. HP: 35/35 MP: 8/8
  3220 | D:2      | Killed Jessica
  3685 | D:4      | Noticed a black bear
  3701 | D:4      | Killed a black bear
  3701 | D:4      | Reached XP level 6. HP: 33/41 MP: 10/10
  4346 | D:5      | Entered Level 5 of the Dungeon
  4411 | D:5      | Found a staircase to the Ecumenical Temple.
  4427 | Temple   | Entered the Ecumenical Temple
  4525 | Temple   | Became a worshipper of Warmaster Okawaru
  4648 | D:5      | Found a shadowy altar of Dithmenos.
  4761 | D:5      | Reached skill level 7 in Bows
  5278 | D:5      | Acquired Okawaru's first power
  5278 | D:5      | Reached XP level 7. HP: 39/45 MP: 12/12
  5565 | D:6      | Found Thut's Book Shoppe.
  5676 | D:6      | Noticed Kiel97's ghost (experienced MiBe)
  6034 | D:5      | Reached skill level 5 in Dodging
  6143 | D:6      | Reached skill level 8 in Bows
  6143 | D:6      | Reached skill level 5 in Stealth
  6404 | D:6      | Reached XP level 8. HP: 44/51 MP: 13/13
  6456 | D:6      | Reached skill level 5 in Short Blades
  8245 | D:6      | Noticed Pikel
  8257 | D:6      | Paralysed by Pikel for 5 turns
  8274 | D:6      | Paralysed by Pikel for 3 turns
  8533 | D:5      | Paralysed by Pikel for 4 turns
  8833 | D:5      | Gained mutation: Your muscles are strong. (Str +2) [potion of beneficial mutation]
  8906 | D:5      | Killed Pikel
  8906 | D:5      | Reached skill level 9 in Bows
  9227 | D:6      | Reached XP level 9. HP: 55/55 MP: 15/15
  9973 | D:6      | Killed Kiel97's ghost
  9973 | D:6      | Reached skill level 10 in Bows
 10323 | D:7      | Found Liod's Antique Armour Emporium.
 10363 | D:7      | Found Izxiliv's Book Emporium.
 11038 | D:7      | Reached skill level 11 in Bows
 11860 | D:7      | Found Skig Bua's Jewellery Emporium.
 12010 | D:8      | Found Plog's Weapon Boutique.
 12091 | D:8      | Found a shimmering altar of Xom.
 12091 | D:8      | Found a shimmering altar of Xom.
 12091 | D:8      | Found a shimmering altar of Xom.
 12091 | D:8      | Found a shimmering altar of Xom.
 12091 | D:8      | Found a shimmering altar of Xom.
 12092 | D:8      | Found a shimmering altar of Xom.
 12092 | D:8      | Found a shimmering altar of Xom.
 12092 | D:8      | Found a shimmering altar of Xom.
 12196 | D:8      | Noticed an elephant
 12201 | D:8      | Reached XP level 10. HP: 61/61 MP: 17/17
 12336 | D:8      | Found a snail-covered altar of Cheibriados.
 12514 | D:8      | Found a staircase to the Lair.
 12718 | D:8      | Reached skill level 12 in Bows
 13400 | Lair:1   | Entered Level 1 of the Lair of Beasts
 13857 | Lair:1   | Reached skill level 13 in Bows
 14034 | Lair:1   | Noticed an elephant
 14034 | Lair:1   | Noticed an elephant
 14034 | Lair:1   | Noticed a black mamba
 14241 | Lair:1   | HP: 3/61 [komodo dragon (20)]
 14693 | Lair:1   | Killed a black mamba
 14693 | Lair:1   | Reached skill level 14 in Bows
 15293 | Lair:1   | Noticed a six-headed hydra
 15306 | Lair:1   | Killed a six-headed hydra
 15306 | Lair:1   | Acquired Okawaru's second power
 15306 | Lair:1   | Reached XP level 11. HP: 47/66 MP: 16/18
 15389 | Lair:1   | Noticed an elephant
 15389 | Lair:1   | Noticed an elephant
 15475 | Lair:1   | Reached skill level 15 in Bows
 15716 | Lair:2   | Found a frozen archway.
 16270 | Lair:2   | Received a gift from Okawaru
 16492 | Lair:2   | HP: 3/66 [killer bee (2)]
 16492 | Lair:2   | HP: 1/66 [killer bee (2)]
 16493 | Lair:2   | Slain by a killer bee

Action                   |  1- 3 |  4- 6 |  7- 9 | 10-12 || total
-------------------------+-------+-------+-------+-------++-------
Melee: Short sword       |   109 |     7 |    26 |    95 ||   237
       Shortbow          |     1 |    13 |       |    13 ||    27
 Fire: Shortbow          |    62 |   182 |   652 |   479 ||  1375
Invok: Heroism           |       |       |     3 |     7 ||    10
       Finesse           |       |       |       |     2 ||     2
Evoke: Wand              |       |       |     1 |       ||     1
  Use: Scroll            |     5 |     4 |     5 |     5 ||    19
       Potion            |       |       |     6 |     4 ||    10
 Stab: Sleeping          |     4 |       |       |     5 ||     9
  Eat: Chunk             |     3 |     5 |    13 |     5 ||    26
       Bread ration      |       |     1 |     2 |     1 ||     4
       Pizza             |       |       |       |     1 ||     1
       Beef jerky        |       |       |       |     1 ||     1
